 Dungeon Crawl Stone Soup version 0.24.0-7-gb3623d2c88 (webtiles) character file.

Game seed: 1384861008968064565, levelgen mode: deterministic

12983 Furryfag69 the Severer (level 11, -1/82 HPs)
             Began as a Minotaur Berserker on Nov 3, 2019.
             Was an Elder of Trog.
             Slain by a troll (10 damage)
             ... on level 12 of the Dungeon.
             The game lasted 00:26:22 (12635 turns).

Furryfag69 the Severer (Minotaur Berserker)        Turns: 12635, Time: 00:26:23

Health: -1/82      AC: -1    Str: 23    XL:     11   Next: 69%
Magic:  10/10      EV: 18    Int:  4    God:    Trog [****..]
Gold:   678        SH:  9    Dex: 12    Spells: 10/10 levels left

rFire    . . .     SeeInvis +   a - +0 hand axe
rCold    . . .     Gourm    .   r - +3 buckler
rNeg     . . .     Faith    .   y - +0 troll leather armour
rPois    .         Spirit   .   (helmet restricted)
rElec    .         Reflect  .   (no cloak)
rCorr    .         Harm     .   l - +0 pair of gloves
MR       +....                  n - +0 pair of boots
Stlth    +.........             g - amulet of regeneration
HPRegen  1.03/turn              h - ring of protection from magic
MPRegen  0.12/turn              x - ring of see invisible

@: corroded, berserk cooldown
A: retaliatory headbutt, horns 2
a: Berserk, Trog's Hand, Brothers in Arms, Renounce Religion


You were on level 12 of the Dungeon.
You worshipped Trog.
Trog was greatly pleased with you.
You were not hungry.

You visited 1 branch of the dungeon, and saw 12 of its levels.

You collected 678 gold pieces.

Inventory:

Hand Weapons
 a - a +0 hand axe (weapon)
Armour
 l - a +0 pair of gloves (worn)
 n - a +0 pair of boots (worn)
 r - a +3 buckler (worn)
 y - a +0 troll leather armour (worn)
Jewellery
 g - an amulet of regeneration (around neck)
 h - a ring of protection from magic (left hand)
 x - a ring of see invisible (right hand)
Wands
 q - a wand of clouds (3)
 z - a wand of digging (2)
 A - a wand of acid (24)
 B - a wand of scattershot (4)
 D - a wand of random effects (28)
Scrolls
 b - a scroll of vulnerability
 d - 3 scrolls of magic mapping
 e - 8 scrolls of remove curse
 i - 2 scrolls of teleportation
 k - a scroll of blinking
 s - 3 scrolls of fog
 t - 2 scrolls of identify
Potions
 f - a potion of flight
 j - 7 potions of curing
 m - 6 potions of degeneration
 o - 5 potions of brilliance
 p - 6 potions of might
 u - 2 potions of berserk rage
 v - 2 potions of ambrosia
 w - a potion of heal wounds
Comestibles
 c - 7 rations


   Skills:
 - Level 3.6 Fighting
 + Level 15.4 Axes
 - Level 2.4 Armour
 + Level 11.4 Dodging
 + Level 10.0 Shields


You had 10 spell levels left.
You didn't know any spells.
Your spell library was empty.

Dungeon Overview and Level Annotations

Branches:
Dungeon (12/15)            Temple (0/1) D:7            Lair (0/6) D:10
    Orc: D:9-12

Altars:
Cheibriados
Dithmenos
Fedhas
Hepliaklqana
Kikubaaqudgha
Okawaru
Qazlal
Ru
Sif Muna
Trog
Xom
Zin
The Shining One
Lugonu

Annotations:
D:12 Roubeug's ghost, journeyman FeBe


Innate Abilities, Weirdness & Mutations

You reflexively headbutt those who attack you in melee.
You have a pair of horns on your head.


Message History

You feel yourself speed up. The brown ugly thing kicks you!
You are splashed with acid!
The brown ugly thing kicks you!
You are splashed with acid!
There is an open door, spattered with blood here.
Your surroundings suddenly seem different.
A troll comes into view.
Found an escape hatch in the ceiling.
You closely miss the troll. The troll bites you!!
* * * LOW HITPOINT WARNING * * *
The troll barely misses you. The troll completely misses you.
You hit the troll but do no damage. You barely miss the troll.
The troll bites you.
* * * LOW HITPOINT WARNING * * *
The troll claws you.
* * * LOW HITPOINT WARNING * * *
You block the troll's attack.
You barely miss the troll.
You headbutt the troll, but do no damage.
The troll bites you!
You die...

##########
#.........
#.......<.
+.T.......
#.@.#
#...#
#.....
#.......
#.........
#+######..
#


You could see a troll.

Vanquished Creatures
  Erolcha (D:11)
  A tengu warrior (D:10)
  2 two-headed ogres
  An unseen horror (D:12)
  3 ugly things
  Joseph (D:7)
  A red devil (D:11)
  5 trolls
  A hornet (D:12)
  3 hippogriffs (D:12)
  A wraith (D:12)
  A wyvern (D:8)
  7 yaks
  Grum (D:9)
  A hungry ghost (D:7)
  Menkaure (D:5)
  A water moccasin (D:6)
  3 orc warriors
  2 sky beasts
  3 necrophages
  3 ice beasts
  2 ogres
  A phantom (D:9)
  2 black bears
  A boggart (D:12)
  3 centaurs
  2 crocodiles
  3 wolves (D:9)
  4 bullfrogs
  A gnoll sergeant (D:7)
  4 scorpions
  5 killer bees (D:10)
  4 howler monkeys
  2 centaur zombies (D:10)
  A bullfrog zombie (D:12)
  9 crimson imps
  5 hounds
  2 orc priests
  8 orc wizards
  A centaur skeleton (D:10)
  2 iguanas
  10 worker ants
  A hound zombie (D:8)
  A mummy (D:7)
  7 gnolls
  7 adders
  A shadow imp (D:11)
  An ooze (D:3)
  2 worms (D:2)
  9 leopard geckos
  19 orcs
  9 bats
  3 giant cockroaches
  4 goblins
  7 hobgoblins
  8 jackals
  4 quokkas
  2 ball pythons
  7 frilled lizards
  4 kobolds
  4 rats
  2 butterflies (D:6)
217 creatures vanquished.

Notes
Turn   | Place    | Note
-------+----------+-------------------------------------------
     0 | D:1      | Furryfag69 the Minotaur Berserker began the quest for the
                  | Orb.
     0 | D:1      | Reached XP level 1. HP: 19/19 MP: 0/0
   152 | D:1      | Reached skill level 4 in Axes
   190 | D:1      | Reached XP level 2. HP: 17/26 MP: 1/1
   827 | D:2      | Found an ancient bone altar of Kikubaaqudgha.
   871 | D:2      | Reached XP level 3. HP: 28/31 MP: 2/2
  1016 | D:2      | Reached skill level 5 in Axes
  2245 | D:3      | Reached ** piety under Trog
  2362 | D:3      | Reached XP level 4. HP: 34/39 MP: 3/3
  2381 | D:3      | Reached skill level 6 in Axes
  2382 | D:3      | Reached XP level 5. HP: 45/45 MP: 4/4
  2849 | D:3      | Noticed a centaur
  2858 | D:3      | Killed a centaur
  2858 | D:3      | Reached skill level 7 in Axes
  2918 | D:3      | Reached XP level 6. HP: 32/51 MP: 5/5
  3087 | D:3      | Found a bloodstained altar of Trog.
  3580 | D:3      | Found a shimmering blue altar of Sif Muna.
  3858 | D:4      | Found an iron altar of Okawaru.
  4316 | D:5      | Entered Level 5 of the Dungeon
  4327 | D:5      | Reached skill level 8 in Axes
  4639 | D:5      | Reached skill level 1 in Shields
  4886 | D:5      | Noticed Menkaure
  4894 | D:5      | Killed Menkaure
  4894 | D:5      | Reached skill level 5 in Dodging
  4894 | D:5      | Reached XP level 7. HP: 16/57 MP: 6/6
  5868 | D:6      | Reached skill level 9 in Axes
  6099 | D:6      | Found a shimmering altar of Xom.
  6174 | D:7      | Noticed Joseph
  6185 | D:7      | Reached *** piety under Trog
  6195 | D:7      | Killed Joseph
  6195 | D:7      | Reached skill level 10 in Axes
  6195 | D:7      | Reached XP level 8. HP: 35/64 MP: 7/7
  6427 | D:7      | Found a snail-covered altar of Cheibriados.
  6535 | D:7      | Found a hazy altar of Hepliaklqana.
  6638 | D:7      | Found a sacrificial altar of Ru.
  6688 | D:7      | Found a sacrificial altar of Ru.
  6742 | D:7      | Reached skill level 11 in Axes
  6818 | D:7      | Found a staircase to the Ecumenical Temple.
  7080 | D:8      | Reached XP level 9. HP: 42/70 MP: 8/8
  7245 | D:8      | Noticed a two-headed ogre
  7257 | D:8      | HP: 5/105 [two-headed ogre/+0 giant club (17)]
  7258 | D:8      | Killed a two-headed ogre
  7258 | D:8      | Reached skill level 12 in Axes
  7258 | D:8      | Reached skill level 5 in Shields
  7789 | D:8      | Found a blossoming altar of Fedhas.
  7957 | D:8      | Found a glowing golden altar of the Shining One.
  8348 | D:9      | Reached skill level 13 in Axes
  8353 | D:9      | Found a stormy altar of Qazlal.
  8359 | D:9      | Found a glowing silver altar of Zin.
  8362 | D:9      | Found a shadowy altar of Dithmenos.
  8516 | D:9      | Noticed Grum
  8527 | D:9      | Reached XP level 10. HP: 72/76 MP: 9/9
  8536 | D:9      | Killed Grum
  9899 | D:10     | Entered Level 10 of the Dungeon
  9910 | D:10     | Found a staircase to the Lair.
 10328 | D:10     | Noticed a two-headed ogre
 10337 | D:10     | Killed a two-headed ogre
 10476 | D:10     | Reached skill level 14 in Axes
 10857 | D:10     | Noticed a tengu warrior
 10868 | D:10     | Killed a tengu warrior
 10868 | D:10     | Reached **** piety under Trog
 10868 | D:10     | Reached skill level 10 in Dodging
 11121 | D:10     | Reached XP level 11. HP: 79/81 MP: 10/10
 11181 | D:11     | Noticed a hell beast
 11182 | D:11     | Found a corrupted altar of Lugonu.
 11498 | D:11     | Noticed a green ugly thing
 11511 | D:11     | Killed a green ugly thing
 11537 | D:11     | Noticed Erolcha
 11556 | D:11     | Killed Erolcha
 11807 | D:11     | Identified the Grimoire of Dusty Slavery
 12286 | D:12     | Noticed a brown ugly thing
 12299 | D:12     | Killed a brown ugly thing
 12299 | D:12     | Reached skill level 15 in Axes
 12459 | D:12     | Noticed an unseen horror
 12459 | D:12     | Noticed a cyan ugly thing
 12460 | D:12     | Noticed a deep elf mage
 12473 | D:12     | Noticed a brown ugly thing
 12518 | D:12     | Paralysed by a hornet for 2 turns
 12533 | D:12     | Reached ***** piety under Trog
 12552 | D:12     | Killed a cyan ugly thing
 12563 | D:12     | Noticed Roubeug's ghost (journeyman FeBe)
 12590 | D:12     | Killed an unseen horror
 12590 | D:12     | Reached skill level 10 in Shields
 12635 | D:12     | Slain by a troll

Levels and vault maps discovered:
D:1:      minmay_arrival_jagged, layout_basic, st_stairs_6
D:2:      layout_basic, kiku_gazebo_pond_becter
D:3:      layout_basic, led_sif_pool, lemuel_round_altar,
          kennysheep_generic_room_2
D:4:      layout_basic, okawaru_altar_gauntlet_db, first_ration
D:5:      layout_loops_ring, minmay_small_thing, uniq_menkaure
D:6:      layout_basic, xom_butterflies
D:7:      layout_basic, kennysheep_mini_moat, nicolae_overflow_hidden_temple,
          slow_altar_1, minmay_temple_entry_poolview, nicolae_ru_awakened_eye,
          uniq_joseph
D:8:      layout_basic, fedhas_ov_isle_minmay, old_standard_altar
D:9:      layout_gridville, minmay_overflow_temple_star_quad, uniq_grum
D:10:     layout_loops_corners, lair_entry_dummy, grunt_tengu_nest, minivault_4,
          minmay_misc_feat_plants
D:11:     layout_loops_ring, lemuel_hellish_altar, uniq_erolcha
D:12:     layout_gridville, kennysheep_orc_monster_closet_entryway,
          hellmonk_ghost_happy_afterlife, minivault_12

Skill      XL: |  1  2  3  4  5  6  7  8  9 10 11 |
---------------+----------------------------------+-----
Axes           | 4 5 6 7 8 10 11 13 14 15 | 15.4
Dodging        | 3 4 5 6 7 8 10 11 | 11.4
Shields        | 1 3 4 6 8 10 | 10.0
Fighting       | |  3.6
Armour         | |  2.4

Action                   |  1- 3 |  4- 6 |  7- 9 | 10-12 || total
-------------------------+-------+-------+-------+-------++-------
Melee: Hand axe          |    73 |    70 |   290 |   372 ||   805
       Headbutt          |    10 |    16 |    62 |    99 ||   187
Invok: Berserk           |       |     4 |     8 |    10 ||    22
       Brothers in Arms  |       |       |       |     1 ||     1
Evoke: Wand              |       |       |       |     1 ||     1
  Use: Scroll            |     7 |     5 |    10 |     4 ||    26
       Potion            |       |       |     1 |     2 ||     3
 Stab: Sleeping          |     1 |       |     3 |       ||     4
       Distracted        |       |       |       |     1 ||     1
  Eat: Ration            |     2 |     2 |     6 |     8 ||    18
       Chunk             |       |     1 |     2 |       ||     3
Armor: Animal skin       |    12 |     5 |     9 |     2 ||    28
       Troll leather arm |       |       |       |    26 ||    26
Dodge: Dodged            |    52 |    40 |   105 |   149 ||   346
Block: Buckler           |       |    16 |    73 |   113 ||   202
